 Dungeon Crawl Stone Soup version 0.29.1-15-g9cfb28693d (webtiles) character file.

Game seed: 11885792256464915816

578 croobank the Caller (level 6, -5/50 HPs)
             Began as a Demigod Summoner on Mar 6, 2023.
             Slain by Maggie
             ... wielding a +2 vampiric morningstar
              (9 damage)
             ... on level 6 of the Dungeon on Mar 7, 2023.
             The game lasted 00:11:10 (5938 turns).

croobank the Caller (Demigod Summoner)              Turns: 5938, Time: 00:11:11

Health: -5/50      AC:  8    Str:  9    XL:     6   Next: 89%
Magic:  2/13       EV: 13    Int: 25    God:
Gold:   259        SH:  0    Dex: 14    Spells: 2/11 levels left

rFire   + . .      SeeInvis +   d - +1 falchion
rCold   + . .      Faith    .   (no shield)
rNeg    . . .      Spirit   .   a - +0 robe
rPois   +          Reflect  .   m - +2 hat
rElec   +          Harm     .   (no cloak)
rCorr   +          Rampage  .   (no gloves)
Will    .....                   (no boots)
Stlth   ++........              (no amulet)
HPRegen 0.16/turn               p - ring of see invisible
MPRegen 0.13/turn               A - +4 ring of protection

@: resistant, mesmerised
A: high MP 1, forlorn, divine attributes
a: no special abilities


You were on level 6 of the Dungeon.
You visited 1 branch of the dungeon, and saw 6 of its levels.

You collected 259 gold pieces.

Inventory:

Hand Weapons
 d - a +1 falchion (weapon)
 h - a +0 dagger
 D - a +0 morningstar
Missiles
 c - 4 boomerangs
 w - a throwing net
Armour
 a - a +0 robe (worn)
 m - a +2 hat (worn)
Magical Staves
 r - a staff of fire
Jewellery
 p - a ring of see invisible (left hand)
 y - a ring of protection from cold
 A - a +4 ring of protection (right hand)
 C - an amulet of the acrobat
Wands
 u - a wand of flame (20)
Scrolls
 e - a scroll of noise
 i - 5 scrolls of teleportation
 n - 2 scrolls of butterflies
Potions
 b - a potion of magic
 f - 2 potions of brilliance
 g - 2 potions of heal wounds
 j - a potion of berserk rage
 l - 2 potions of flight
 o - 3 potions of curing
 q - 2 potions of haste {unknown}
 s - a potion of might {unknown}
 t - a potion of lignification {unknown}
 v - a potion of resistance
 x - a potion of degeneration {unknown}
 z - a potion of cancellation {unknown}
Miscellaneous
 B - a piece from Xom's chessboard (15/15)


   Skills:
 + Level 2.4 Fighting
 + Level 3.3 Dodging
 + Level 3.6 Stealth
 + Level 3.1 Spellcasting
 + Level 2.2 Hexes
 + Level 4.6 Summonings


You had 2 spell levels left.
You knew the following spells:

 Your Spells              Type           Power      Damage    Failure   Level
a - Summon Small Mammal   Summ           100%       N/A       1%          1
b - Call Imp              Summ           27%        N/A       2%          2
c - Call Canine Familiar  Summ           27%        N/A       4%          3
d - Summon Guardian Gole  Hex/Summ       21%        N/A       8%          3

Your spell library contained the following spells:

 Spells                   Type           Power      Damage    Failure   Level
 Summon Lightning Spire   Summ/Air       15%        N/A       36%         4
 Hailstorm                Conj/Ice       3%         3d3       69%         4
 Ice Form                 Ice/Tmut       3%         N/A       69%         4
 Simulacrum               Ice/Necr       1%         N/A       100%        6


Dungeon Overview and Level Annotations

Branches:
Dungeon (6/15)
 Temple: D:4-7

Annotations:
D:6 Maggie


Innate Abilities, Weirdness & Mutations

You have an increased reservoir of magic. (+10% MP)
You shall have no god before yourself.
Your divine heritage dramatically boosts your attributes as you level up.


Message History

Your bat hits Maggie but does no damage.
Maggie mumbles some strange words.
Maggie draws you further into her thrall.
Your crimson imp blinks!
Your hound barely misses Maggie.
Your bat hits the scorpion.
Your quokka closely misses Maggie.
Maggie hits you with a +2 vampiric morningstar!
Maggie draws strength from your wounds!
You hit Maggie.
Maggie is lightly wounded.
Your bat hits the scorpion but does no damage.
Your bat hits the scorpion.
Your hound closely misses Maggie.
The scorpion misses you.
Your bat closely misses the scorpion.
Your quokka closely misses Maggie.
Your hound bites Maggie but does no damage.
Your crimson imp blinks!
Your bat hits the scorpion.
The scorpion stings you but does no damage.
Maggie hits you with a +2 vampiric morningstar!
Maggie draws strength from your wounds!
Your quokka bites Maggie but does no damage.
You hit Maggie.
Maggie is lightly wounded.
Your bat hits the scorpion but does no damage.
Your bat closely misses the scorpion.
Your hound closely misses Maggie.
Your bat closely misses the scorpion.
The scorpion closely misses you.
Maggie hits you with a +2 vampiric morningstar.
Maggie draws strength from your wounds!
Your hound bites Maggie.
Your quokka bites Maggie.
Your bat closely misses the scorpion.
The scorpion barely misses you.
You closely miss Maggie.
Maggie is lightly wounded.
Your bat hits the scorpion but does no damage. x2
Your hound bites Maggie.
Your bat closely misses the scorpion.
Maggie hits you with a +2 vampiric morningstar!
* * * LOW HITPOINT WARNING * * *
Your quokka bites Maggie.
Your hound bites Maggie.
The scorpion misses you.
Your bat barely misses the scorpion.
Your quokka barely misses Maggie.
Maggie hits you with a +2 vampiric morningstar!
You die...

.......................
...........#.#..#######
.#.#.#.#..........#...
.).......##.#####.#.#####
.#.#.#.#..#.# #.......#
..........#.#######.###.#
.#.#.#.#..#......<..###.#
..........####...9....!.#
.#.#.#.#.<...5..@@h.....#
..........#.##.bsr......#
###.......#.............#
#.......#.#...........#
###.....# #.#.#.#####.#
...#.#.# #.#.#.# .#
....#.#.# # #.#.# # ...
#.#.# #. ..


You could see Maggie (mesmerising, ally target), a scorpion, a friendly guardian
golem (summoned), a friendly hound (summoned, sheltered), a friendly crimson imp
(summoned, sheltered), a friendly quokka (summoned, sheltered) and a friendly
bat (summoned, sheltered).

Vanquished Creatures
  Menkaure (D:4)
  A hound (D:4)
  An iguana (D:4)
  An adder (D:4)
  A worm (D:4)
  A dart slug (D:1)
  6 orcs (D:4)
  4 bats
  6 endoplasms
  3 giant cockroaches
  6 goblins
  4 hobgoblins
  2 jackals (D:1)
  4 ball pythons (D:4)
  4 frilled lizards
  2 kobolds (D:4)
  A rat (D:1)
48 creatures vanquished.

Vanquished Creatures (collateral kills)
  A black bear (D:5)
  A scorpion (D:6)
  A jelly (D:5)
  An iguana (D:5)
  An orc wizard (D:4)
  3 gnolls (D:2)
  2 adders
  A worm (D:5)
  A dart slug (D:3)
  4 orcs
  5 ball pythons
  2 endoplasms (D:3)
  2 giant cockroaches
  3 goblins
  4 hobgoblins
  5 jackals
  4 kobolds
  3 bats
  2 frilled lizards (D:2)
  A rat (D:1)
47 creatures vanquished.

Grand Total: 95 creatures vanquished

Notes
Turn   | Place    | Note
-------+----------+-------------------------------------------
     0 | D:1      | croobank the Demigod Summoner began the quest for the Orb.
     0 | D:1      | Reached XP level 1. HP: 14/14 MP: 5/5
   269 | D:1      | Reached XP level 2. HP: 14/20 MP: 5/7
   280 | D:1      | Learned a level 2 spell: Call Imp
  1242 | D:2      | Reached XP level 3. HP: 27/27 MP: 1/8
  1248 | D:2      | Learned a level 3 spell: Call Canine Familiar
  1448 | D:2      | Reached skill level 4 in Summonings
  1788 | D:2      | Reached XP level 4. HP: 34/34 MP: 10/10
  1992 | D:2      | Reached skill level 1 in Fighting
  3149 | D:4      | Noticed Menkaure
  3163 | D:4      | Killed Menkaure
  3164 | D:4      | Reached skill level 1 in Hexes
  3164 | D:4      | Reached XP level 5. HP: 20/41 MP: 11/11
  4304 | D:4      | HP: 2/41 [iguana (9)]
  4643 | D:4      | Reached XP level 6. HP: 48/48 MP: 7/13
  4648 | D:4      | Learned a level 3 spell: Summon Guardian Golem
  4925 | D:5      | Entered Level 5 of the Dungeon
  5921 | D:6      | Noticed Maggie
  5938 | D:6      | Slain by Maggie

Illustrated notes

Levels and vault maps discovered:
D:1:      noname_arrival_rooms_in_the_neighbourhood, layout_basic, st_stairs_1
D:2:      layout_basic, nicolae_kite_square_tiling_tiny
D:3:      layout_rooms, mainiacjoe_overflow_six_doors_small,
          chequers_temple_overflow_statue_of_worship,
          shapermc_ecumenical_altar_acropolis, kennysheep_another_room
D:4:      kb_forest_paths, layout_loops_corners, nemelex_spade_bored_becter,
          pdpol_wu_jian_five_deadly_venoms, xom_butterflies,
          hangedman_decor_peaks_small, minmay_statues_item, uniq_menkaure
D:5:      layout_loops_cross, lemuel_tele_altar
D:6:      layout_basic, grunt_gozag_breadcrumbs, serial_co_window_serial,
          co_window_corner_a, co_window_corner_a, co_window_corner_a,
          co_window_corner_a, co_window_cross_1, co_window_2corner,
          co_window_2corner, co_window_2corner, co_window_paths_d,
          glass_columns_c, glass_columns_a, uniq_maggie

Skill      XL: |  1  2  3  4  5  6 |
---------------+-------------------+-----
Stealth        | 2 3 |  3.6
Dodging        | 2 3 |  3.3
Spellcasting   | 2 3 |  3.1
Summonings     | 4 |  4.6
Fighting       | 1 2 |  2.4
Hexes          | 1 2 |  2.2

Action                   |  1- 3 |  4- 6 || total
-------------------------+-------+-------++-------
Melee: Falchion          |    42 |   130 ||   172
       Punch             |     1 |       ||     1
       Dagger            |       |     1 ||     1
 Cast: Summon Small Mamm |    28 |    18 ||    46
       Call Imp          |     8 |    10 ||    18
       Call Canine Famil |     1 |    12 ||    13
       Summon Guardian G |       |     3 ||     3
Evoke: Wand              |       |     1 ||     1
       Piece from Xom's  |       |     1 ||     1
  Use: Scroll            |       |    12 ||    12
       Potion            |       |     2 ||     2
 Stab: Sleeping          |     5 |     8 ||    13
       Distracted        |       |     1 ||     1
Armor: Robe              |     9 |    49 ||    58
Dodge: Dodged            |    37 |    97 ||   134
